 Dungeon Crawl Stone Soup version 0.28-a0-48-gfd831c5874 (webtiles) character file.

Game seed: 6096514947444484305

340484 flotson the Tortoise (level 21, -2/170 HPs)
             Began as a Demonspawn Delver on July 26, 2021.
             Was an Initiate of Gozag.
             Splashed by an acid blob's acid (4 damage)
             ... on level 5 of the Pits of Slime on July 29, 2021.
             The game lasted 02:24:43 (52274 turns).

flotson the Tortoise (Demonspawn Delver)           Turns: 52274, Time: 02:24:44

Health: -2/170     AC: 20    Str: 25      XL:     21   Next: 7%
Magic:  25/25      EV: 20    Int: 18      God:    Gozag
Gold:   3506       SH: 23    Dex: 18 (19) Spells: 20/20 levels left

rFire   + . .      SeeInvis .   a - +6 broad axe (drain)
rCold   + . .      Faith    .   Z - +1 kite shield "Tukhar" {rElec Int+6}
rNeg    + + +      Spirit   .   q - +6 chain mail of the Valley {rN++ Dex+3}
rPois   +          Reflect  .   s - +1 helmet of Fapymofu {rCorr}
rElec   +          Harm     .   K - +0 cloak {Will+}
rCorr   +          Rampage  .   (gloves unavailable)
Will    +++..      Rnd*Rage +   L - +2 pair of boots {Stlth+}
Stlth   +.........              S - macabre finger necklace {rN+}
HPRegen 0.38/turn               j - +4 ring of protection
MPRegen 0.19/turn               c - +4 ring of evasion
                                x - ring of Yterr {rN+ Will+ Str+6}

@: about to teleport, resistant, corroded, studying Armour
A: claws 3, large bone plates 3, ignite blood 2, spiny 2, augmentation 2, hooves
1, berserk 2, deterioration 2, dopey 1, high mp 2, poison resistance
}: 2/15 runes: serpentine, barnacled
a: Renounce Religion, Potion Petition, Call Merchant, Bribe Branch


You were on level 5 of the Pits of Slime.
You worshipped Gozag.
Gozag was most pleased with you.
You visited 9 branches of the dungeon, and saw 41 of its levels.
You also visited: Ice Cave.

You collected 14780 gold pieces.
You spent 6861 gold pieces at shops.
You paid 4413 gold pieces to Gozag.

Inventory:

Hand Weapons
 a - a +6 broad axe of draining (weapon)
 b - the +7 hunting sling of Rinueq {speed, Will- Str+7 SInv Stlth+}
   (You bought it in a shop on level 2 of the Orcish Mines)

   Attacks with this weapon are significantly faster.
   Str:       It affects your strength (+7).
   SInv:      It lets you see invisible.
   Will:      It decreases your willpower.
   Stlth:     It makes you more stealthy.
 t - a +2 demon trident of electrocution
Missiles
 r - 20 silver javelins (quivered)
 E - 309 sling bullets
 O - 8 atropa-tipped darts
 V - 5 throwing nets
 X - 12 curare-tipped darts
Armour
 d - a scarf of invisibility
 q - the +6 chain mail of the Valley (worn) {rN++ Dex+3}
   (You bought it in a shop on level 1 of the Snake Pit)

   Dex:       It affects your dexterity (+3).
   rN:        It greatly protects you from negative energy.
 s - the +1 helmet of Fapymofu (worn) {rCorr}
   (You bought it in a shop on level 2 of the Orcish Mines)

   rCorr:     It protects you from acid and corrosion.
 K - a +0 cloak of willpower (worn)
 L - a +2 pair of boots of stealth (worn)
 Z - the +1 kite shield "Tukhar" (worn) {rElec Int+6}
   (You bought it in a shop on level 2 of the Orcish Mines)

   Int:       It affects your intelligence (+6).
   rElec:     It insulates you from electricity.
Jewellery
 c - a +4 ring of evasion (right claw)
 j - a +4 ring of protection (left claw)
 x - the ring of Yterr (on amulet) {rN+ Will+ Str+6}
   (You took it off a deep elf high priest on level 3 of the Elven Halls)

   [ring of positive energy]

   Str:       It affects your strength (+6).
   rN:        It protects you from negative energy.
   Will:      It increases your willpower.
 S - the macabre finger necklace (around neck) {rN+}
   (You found it on level 3 of the Elven Halls)

   [amulet of nothing]

   It enables you to equip an extra ring.
   rN:        It protects you from negative energy.
 Y - the ring of Divine Compulsion {rPois rC+ Will- Dex+2 SInv}
   (You found it in an ice cave)

   [ring of protection from cold]

   Dex:       It affects your dexterity (+2).
   rC:        It protects you from cold.
   rPois:     It protects you from poison.
   SInv:      It lets you see invisible.
   Will:      It decreases your willpower.
Wands
 g - a wand of digging (13)
 w - a wand of acid (31)
 z - a wand of charming (16)
 J - a wand of mindburst (12)
 N - a wand of paralysis (54)
 P - a wand of polymorph (18)
 Q - a wand of iceblast (38)
Scrolls
 f - 18 scrolls of teleportation
 k - 2 scrolls of immolation
 m - 2 scrolls of fear
 o - a scroll of holy word
 p - 4 scrolls of summoning
 B - 6 scrolls of magic mapping
 D - 2 scrolls of torment
 I - a scroll of vulnerability
 U - 5 scrolls of fog
Potions
 i - 2 potions of cancellation
 l - 4 potions of might
 n - 14 potions of curing
 u - 2 potions of berserk rage
 v - 2 potions of ambrosia
 A - 9 potions of lignification
 G - 6 potions of flight
 H - 2 potions of resistance
 R - 2 potions of haste
 W - 2 potions of attraction
Miscellaneous
 e - a tin of tremorstones (2/2)
 h - a condenser vane (inert)
 y - a lightning rod (4/4)
 C - a box of beasts (inert)
 F - a phial of floods


   Skills:
 + Level 15.9 Fighting
 * Level 15.8 Axes
 - Level 12.0 Throwing
 + Level 16.3 Armour
 + Level 14.6 Dodging
 - Level 4.5 Stealth
 * Level 12.7 Shields
 - Level 12.0 Evocations


You had 20 spell levels left.
You didn't know any spells.
Your spell library contained the following spells:

 Spells                   Type           Power      Damage    Failure   Level
 Animate Skeleton         Necr           0%         N/A       73%         1
 Beastly Appendage        Tmut           0%         N/A       73%         1
 Corona                   Hex            0%         N/A       73%         1
 Magic Dart               Conj           0%         1d3       73%         1
 Shock                    Conj/Air       0%         1d3       73%         1
 Blink                    Tloc           N/A        N/A       86%         2
 Corpse Rot               Necr/Air       N/A        N/A       86%         2
 Ensorcelled Hibernation  Hex/Ice        0%         N/A       86%         2
 Poisonous Vapours        Pois/Air       0%         N/A       86%         2
 Searing Ray              Conj           0%         3d3       86%         2
 Slow                     Hex            0%         N/A       86%         2
 Static Discharge         Conj/Air       0%         N/A       86%         2
 Sublimation of Blood     Necr           0%         N/A       86%         2
 Wereblood                Tmut           0%         N/A       86%         2
 Confusing Touch          Hex            0%         N/A       97%         3
 Dazzling Flash           Conj/Hex       0%         N/A       97%         3
 Inner Flame              Hex/Fire       0%         N/A       97%         3
 Lesser Beckoning         Tloc           0%         N/A       97%         3
 Portal Projectile        Hex/Tloc       0%         N/A       97%         3
 Spider Form              Tmut/Pois      0%         N/A       97%         3
 Teleport Other           Tloc           0%         N/A       97%         3
 Tukima's Dance           Hex            0%         N/A       97%         3
 Vampiric Draining        Necr           0%         2d6       97%         3
 Animate Dead             Necr           0%         N/A       100%        4
 Cause Fear               Hex            0%         N/A       100%        4
 Dispel Undead            Necr           0%         3d6       100%        4
 Fulminant Prism          Conj/Hex       0%         3d6       100%        4
 Leda's Liquefaction      Hex/Erth       0%         N/A       100%        4
 Passage of Golubria      Tloc           N/A        N/A       100%        4
 Petrify                  Tmut/Erth      0%         N/A       100%        4
 Sticky Flame             Conj/Fire      0%         2d3       100%        4
 Agony                    Necr           0%         N/A       100%        5
 Alistair's Intoxication  Tmut/Pois      0%         N/A       100%        5
 Blade Hands              Tmut           0%         N/A       100%        5
 Bolt of Magma            Conj/Fire/Erth 0%         4d4       100%        5
 Borgnjor's Vile Clutch   Necr/Erth      0%         N/A       100%        5
 Excruciating Wounds      Necr           0%         N/A       100%        5
 Fireball                 Conj/Fire      0%         3d3       100%        5
 Lightning Bolt           Conj/Air       0%         1d11      100%        5
 Manifold Assault         Tloc           0%         N/A       100%        5
 Metabolic Englaciation   Hex/Ice        0%         N/A       100%        5
 Silence                  Hex/Air        0%         N/A       100%        5
 Yara's Violent Unravell  Hex/Tmut       0%         3d3       100%        5
 Death Channel            Necr           0%         N/A       100%        6
 Dispersal                Tloc           0%         N/A       100%        6
 Eringya's Noxious Bog    Tmut/Pois      0%         N/A       100%        6
 Starburst                Conj/Fire      0%         8x6d3     100%        6
 Statue Form              Tmut/Erth      0%         N/A       100%        6
 Dragon Form              Tmut           0%         N/A       100%        7
 Malign Gateway           Summ/Tloc      0%         N/A       100%        7
 Summon Hydra             Summ           0%         N/A       100%        7
 Discord                  Hex            0%         N/A       100%        8
 Ignition                 Fire           0%         3d3       100%        8
 Lehudib's Crystal Spear  Conj/Erth      0%         10d2      100%        8
 Dragon's Call            Summ           0%         N/A       100%        9


Dungeon Overview and Level Annotations

Branches:
Dungeon (15/15)            Temple (1/1) D:5            Lair (6/6) D:10
 Shoals (4/4) Lair:2        Snake (4/4) Lair:4        Slime (5/5) Lair:6
    Orc (2/2) D:9             Elf (3/3) Orc:2        Vaults (1/5) D:13
 Depths (0/5) D:15          IceCv (visited)

Altars:
Ashenzari
Cheibriados
Dithmenos
Elyvilon
Fedhas
Gozag
Hepliaklqana
Kikubaaqudgha
Makhleb
Nemelex Xobeh
Okawaru
Qazlal
Ru
Sif Muna
Trog
Vehumet
Wu Jian
Xom
Zin
The Shining One
Beogh
Jiyva

Shops:
D:4 =(   D:12 (   D:14 (   Orc:1 !   Orc:2 ***(*[*   Elf:1 ?[   Elf:2 ?
Shoals:2 =   Shoals:4 [   Snake:1 [*

Portals:
Trove: Elf:1 (give +6 demon trident)

Annotations:
D:5 1 runed translucent door
Slime:5 Royal Jelly


Innate Abilities, Weirdness & Mutations

You have claws for hands.
You are completely covered in large bone plates. (SH +8)
Your demonic aura often causes spilled blood to erupt in flames.
You are mostly covered in sharp spines.
Your magical and physical power is enhanced at high health.
You have large cloven feet.
You often lose your temper in combat.
Your body often deteriorates upon taking damage.
You are dopey. (Int -2)
You have a considerably increased reservoir of magic. (+20% MP)
Your system is resistant to poisons. (rPois)


Message History

You are splashed with acid!
You resist.
* * * LOW HITPOINT WARNING * * *
You are confused.
You feel invigorated. The acid blob spits acid at you.
The splash of acid misses you. The acid blob spits acid at you.
The splash of acid hits you but does no damage.
You are splashed with acid.
You resist.
* * * LOW HITPOINT WARNING * * *
The rockslime is struck by your spines.
The rockslime hits you but does no damage.
The azure jelly quivers.
The rockslime hits you!
* * * LOW HITPOINT WARNING * * *
You are shoved backwards!
Unknown command.
You feel less invigorated.
You feel less confused. You block the rockslime's attack.
As you read the scroll of fear, it crumbles to dust.
You assume a fearsome visage.
The acid blob resists with almost no effort. x2
The Royal Jelly resists with almost no effort.
The acid blob easily resists.
The azure jelly looks frightened!
The rockslime looks frightened!
As you read the scroll of teleportation, it crumbles to dust.
You feel strangely unstable. The acid blob spits acid at you.
You block the splash of acid. The acid blob spits acid at you.
The splash of acid hits you but does no damage.
You are splashed with acid.
You resist.
* * * LOW HITPOINT WARNING * * *
The acid blob spits acid at you. The splash of acid hits you. You resist.
* * * LOW HITPOINT WARNING * * *
The acid corrodes you!
You are splashed with acid.
You resist.
You die...
Your body crumbles into a pile of gold.

............###
..............### ##.#
..............#.###.#.##
..................#.....
.............<........#
......................#
.....................###
#......................#
##...........J..@......#
##...........J.......##
##........○.J......... $
#....................
#.......J............
#.......J............
........J............
#....................
#...................


You could see the Royal Jelly, 3 acid blobs, an azure jelly and a rockslime
(fleeing, drained).

Vanquished Creatures
  Dissolution (Slime:3)
  Vashnia (Snake:3)
  Nikola (Snake:2)
  Jorgrun (Elf:1)
  2 deep elf blademasters (Elf:3)
  The ghost of Waleff the Peltast, an adept DrBe of Trog (Snake:2)
  2 deep elf master archers (Elf:3)
  17 acid blobs
  A kraken (Shoals:3)
  The ghost of Huz Sygai the Impaler, an adept MfGl of the Shining One (Snake:4)
  Polyphemus (Shoals:2)
  The ghost of Goiruwuw the Fencer, an adept MiGl of Okawaru (Shoals:2)
  Roxanne (D:14)
  5 rockslimes
  3 nagarajas (Snake:4)
  10 azure jellies
  2 frost giants (IceCv)
  A deep elf sorcerer (Elf:1)
  Aizul (Snake:1)
  A deep elf elementalist (Elf:3)
  7 quicksilver oozes
  4 deep elf annihilators (Elf:3)
  9 deep elf demonologists
  A white draconian (IceCv)
  Snorg (Orc:2)
  6 deep elf death magi
  8 merfolk javelineers
  2 eleionomae (Shoals:1)
  7 merfolk impalers
  2 great orbs of eyes (Slime:5)
  A fire dragon (Lair:6)
  An ice dragon (IceCv)
  Harold (Lair:2)
  16 naga warriors
  8 vault guards (D:13)
  3 deep elf high priests (Elf:3)
  3 boulder beetles
  A salamander tyrant (Snake:4)
  14 hydras
  4 ironbound frosthearts (IceCv)
  6 anacondas
  6 centaur warriors
  A catoblepas (Shoals:2)
  3 merfolk aquamancers
  2 alligator snapping turtles (Shoals:4)
  9 death yaks
  5 satyrs
  5 merfolk avatars
  3 two-headed ogres
  An orc high priest (Orc:2)
  2 tengu warriors
  18 deep elf knights
  Urug (D:13)
  20 naga sharpshooters
  9 shock serpents
  2 large abominations (Elf:2)
  71 slime creatures
  The ghost of reversiblehash the Fighter, a novice DsFi (D:9)
  Sonja (Lair:4)
  2 salamander mystics
  6 skeletal warriors
  14 sea snakes
  A swamp dragon (Lair:6)
  A flayed ghost (D:15)
  26 deep elf pyromancers
  An orange crystal statue (IceCv)
  10 deep elf archers
  5 naga ritualists
  A lindwurm (shapeshifter) (Elf:1)
  7 harpies
  A lindwurm (Lair:4)
  4 necromancers
  2 orc knights
  A fire giant zombie (D:15)
  7 orc sorcerers
  3 oklob plants
  A stone giant zombie (D:15)
  5 mana vipers
  15 deep elf zephyrmancers
  24 ugly things
  4 cyclopes
  13 manticores
  12 salamanders
  5 shining eyes
  34 black mambas
  28 fauns
  An elephant (shapeshifter) (Elf:3)
  8 elephants
  8 water nymphs
  11 merfolk sirens
  9 guardian serpents
  15 naga magi
  3 eyes of devastation
  20 rime drakes
  A gargoyle (D:13)
  A komodo dragon (shapeshifter) (Elf:1)
  14 cane toads
  A yaktaur (D:15)
  A kobold demonologist (D:11)
  A freezing wraith (D:11)
  12 komodo dragons
  2 tengu conjurers
  2 efreet
  5 trolls
  33 polar bears
  A queen bee (Lair:3)
  17 merfolk
  Grinder (D:3)
  A raiju (Lair:6)
  5 wind drakes
  2 hornets (D:10)
  7 dream sheep
  10 blink frogs (Lair:4)
  7 snapping turtles
  An air elemental (Elf:2)
  A tarantella (shapeshifter) (D:13)
  Sigmund (D:4)
  A deep troll skeleton (D:15)
  3 shadows
  2 wraiths (D:14)
  31 yaks
  4 wyverns
  11 water elementals
  4 fire elementals
  4 basilisks
  A steam dragon (Lair:6)
  11 golden eyes
  11 vampire mosquitoes
  5 wargs
  42 nagas
  2 acid dragons
  A human zombie (D:15)
  Edmund (D:4)
  13 water moccasins
  16 hell hounds (Lair:6)
  23 orc warriors
  3 swamp drakes (Lair:6)
  13 black bears
  6 necrophages
  An ice beast (D:6)
  2 ogres
  36 wolves
  31 centaurs
  A phantom (D:7)
  An elf zombie (Elf:2)
  4 kobold brigands
  An earth elemental (Elf:3)
  11 bullfrogs
  A gnoll sergeant (D:5)
  3 scorpions
  A water moccasin skeleton (D:5)
  The ghost of DocClef the Covert, a weakling GnDe (D:5)
  5 wights
  17 killer bees
  6 electric eels
  4 howler monkeys
  2 bullfrog zombies
  A lava snake (D:14)
  A gnoll shaman (D:4)
  4 jellies
  3 centaur zombies
  14 orc priests
  A bullfrog skeleton (D:6)
  6 iguanas
  Terence (D:3)
  29 orc wizards
  6 hell rats (Lair:5)
  2 killer bee zombies (D:7)
  Robin (D:3)
  11 gnolls
  A river rat (D:5)
  6 adders
  3 white imps
  2 ufetubi (D:5)
  An adder skeleton (D:4)
  5 worms
  3 dart slugs
  61 orcs
  9 endoplasms
  2 giant cockroaches (D:4)
  14 goblins
  9 hobgoblins
  9 jackals
  17 kobolds
  5 quokkas
  8 ball pythons
  7 bats
  A frilled lizard (D:1)
  2 rats (D:1)
  3 tentacles (Shoals:3)
1338 creatures vanquished.

Vanquished Creatures (collateral kills)
  An acid blob (Slime:5)
  A rockslime (Slime:5)
2 creatures vanquished.

Vanquished Creatures (others)
  22 dancing weapons
  A deep elf pyromancer (Elf:2)
  A water elemental (Elf:1)
  3 bushes (Lair:5)
  15 fungi
  140 plants
  4 tentacles (Shoals:3)
  9 withered plants (D:15)
195 creatures vanquished.

Grand Total: 1535 creatures vanquished

Notes
Turn   | Place    | Note
-------+----------+-------------------------------------------
     0 | D:5      | flotson the Demonspawn Delver began the quest for the Orb.
     0 | D:5      | Reached XP level 1. HP: 18/18 MP: 1/1
   103 | D:4      | Reached skill level 1 in Armour
   103 | D:4      | Gained mutation: Your demonic aura sometimes causes spilled
                  | blood to erupt in flames. [demonic ancestry]
   103 | D:4      | Reached XP level 2. HP: 12/24 MP: 2/2
   103 | D:4      | Gained mutation: You have sharp fingernails. [demonic
                  | ancestry]
   103 | D:4      | Reached XP level 3. HP: 14/29 MP: 3/3
   405 | D:4      | Found Zixucoest's Jewellery Emporium.
   405 | D:4      | Found Zibitua's Antique Weapon Emporium.
   438 | D:4      | Noticed an ogre
   516 | D:4      | Gained mutation: You are partially covered in sharp spines.
                  | [demonic ancestry]
   516 | D:4      | Reached XP level 4. HP: 30/35 MP: 4/4
  1604 | D:2      | Reached XP level 5. HP: 41/42 MP: 5/5
  1768 | D:2      | Reached skill level 2 in Armour
  1989 | D:3      | Noticed Grinder
  1992 | D:3      | Noticed Terence
  2114 | D:3      | Noticed Robin
  2153 | D:3      | Killed Robin
  2171 | D:3      | Found a radiant altar of Vehumet.
  2375 | D:2      | Reached skill level 1 in Throwing
  2566 | D:3      | Killed Terence
  2805 | D:3      | Paralysed by Grinder for 7 turns
  2814 | D:3      | Paralysed by Grinder for 4 turns
  2822 | D:3      | Killed Grinder
  2823 | D:3      | Reached skill level 1 in Evocations
  2823 | D:3      | Gained mutation: You have very sharp fingernails. [demonic
                  | ancestry]
  2823 | D:3      | Reached XP level 6. HP: 35/48 MP: 6/6
  3156 | D:3      | Found an ornate altar of the Wu Jian Council.
  3422 | D:4      | Reached XP level 7. HP: 55/55 MP: 7/7
  3683 | D:4      | Reached skill level 3 in Armour
  3904 | D:4      | Noticed Edmund
  3927 | D:4      | Killed Edmund
  3971 | D:4      | Noticed Sigmund
  3977 | D:4      | Killed Sigmund
  4329 | D:4      | Found Zixucoest's Jewellery Emporium.
  4330 | D:4      | Found Zibitua's Antique Weapon Emporium.
  5942 | D:4      | Gained mutation: You have claws for hands. [demonic
                  | ancestry]
  5942 | D:4      | Reached XP level 8. HP: 27/61 MP: 8/8
  6042 | D:5      | Reached skill level 5 in Fighting
  6168 | D:5      | Found a runed translucent door.
  6171 | D:5      | Reached skill level 4 in Armour
  6186 | D:5      | Noticed DocClef's ghost (weakling GnDe)
  6210 | D:5      | Killed DocClef's ghost
  6286 | D:5      | Found a staircase to the Ecumenical Temple.
  6300 | Temple   | Entered the Ecumenical Temple
  6488 | Temple   | Became a worshipper of Gozag Ym Sagoz the Greedy
  6587 | D:5      | Found a runed translucent door.
  6737 | D:6      | Noticed a two-headed ogre
  6941 | D:6      | Found Pimoo's Distillery.
  7050 | D:6      | Killed a two-headed ogre
  7051 | D:6      | Reached skill level 5 in Axes
  7051 | D:6      | Reached skill level 5 in Dodging
  7051 | D:6      | Gained mutation: You are partially covered in large bone
                  | plates. (SH +4) [demonic ancestry]
  7051 | D:6      | Reached XP level 9. HP: 58/69 MP: 9/9
  7148 | D:6      | Found a hazy altar of Hepliaklqana.
  7433 | D:7      | Reached skill level 5 in Armour
  7533 | D:7      | Found a shimmering blue altar of Sif Muna.
  8455 | D:7      | Reached skill level 5 in Throwing
  8498 | D:8      | Reached skill level 5 in Evocations
  8511 | D:8      | Identified the +0 pair of boots "Esulag Dece" {-Cast rN+
                  | Dex+4}
  8546 | D:8      | Gained mutation: You are mostly covered in sharp spines.
                  | [demonic ancestry]
  8546 | D:8      | Reached XP level 10. HP: 68/76 MP: 10/10
  8658 | D:8      | Identified the +1 leather armour "Qaushraca" {Will+ rCorr}
  8901 | D:8      | Found a shadowy altar of Dithmenos.
  9184 | D:9      | Reached skill level 6 in Armour
  9395 | D:9      | Identified the +0 pair of boots of Dim Light {Regen+}
  9672 | D:9      | Found a sacrificial altar of Ru.
  9779 | D:9      | Found a staircase to the Orcish Mines.
  9792 | D:9      | Found a runed translucent gate.
  9797 | D:9      | Found a runed translucent gate.
  9804 | D:9      | Found a runed translucent gate.
  9806 | D:9      | Noticed reversiblehash's ghost (novice DsFi)
  9848 | D:9      | Reached XP level 11. HP: 81/85 MP: 11/11
  9951 | D:9      | Killed reversiblehash's ghost
 10085 | D:10     | Entered Level 10 of the Dungeon
 10085 | D:10     | Noticed a tengu warrior
 10158 | D:10     | Noticed a two-headed ogre
 10172 | D:10     | Killed a two-headed ogre
 10448 | D:10     | Noticed a two-headed ogre
 10453 | D:10     | Killed a two-headed ogre
 10587 | D:10     | Killed a tengu warrior
 10629 | D:10     | Found a staircase to the Lair.
 10726 | D:10     | Found a shimmering altar of Xom.
 10794 | Lair:1   | Entered Level 1 of the Lair of Beasts
 11167 | D:4      | Bought a +4 ring of protection for 360 gold pieces
 11222 | D:6      | Bought a potion of flight for 33 gold pieces
 11222 | D:6      | Bought 2 potions of cancellation for 176 gold pieces
 11222 | D:6      | Bought a potion of lignification for 33 gold pieces
 11222 | D:6      | Bought a potion of heal wounds for 55 gold pieces
 11222 | D:6      | Bought a potion of curing for 33 gold pieces
 11222 | D:6      | Bought a potion of curing for 33 gold pieces
 11222 | D:6      | Bought a potion of lignification for 33 gold pieces
 11222 | D:6      | Bought a potion of heal wounds for 55 gold pieces
 11222 | D:6      | Bought a potion of curing for 33 gold pieces
 11222 | D:6      | Bought a potion of curing for 33 gold pieces
 11222 | D:6      | Bought a potion of haste for 110 gold pieces
 11222 | D:6      | Bought a potion of might for 44 gold pieces
 11222 | D:6      | Bought a potion of might for 44 gold pieces
 11381 | Lair:1   | Reached skill level 7 in Armour
 11812 | Lair:2   | Found a staircase to the Shoals.
 11952 | Lair:2   | Noticed a five-headed hydra
 11961 | Lair:2   | Killed a five-headed hydra
 11962 | Lair:2   | Gained mutation: Your demonic aura often causes spilled
                  | blood to erupt in flames. [demonic ancestry]
 11962 | Lair:2   | Reached XP level 12. HP: 86/94 MP: 12/12
 12003 | Lair:2   | Noticed a seven-headed hydra
 12010 | Lair:2   | Killed a seven-headed hydra
 12606 | Lair:2   | Noticed Harold
 12630 | Lair:2   | Killed Harold
 12899 | Lair:3   | Noticed a four-headed hydra
 12916 | Lair:3   | Killed a five-headed hydra
 13116 | Lair:3   | Reached skill level 8 in Armour
 13802 | Lair:4   | You fall into a shaft and drop 2 floors!
 13802 | Lair:6   | Entered Level 6 of the Lair of Beasts
 13803 | Lair:6   | Noticed an eight-headed hydra
 13926 | Lair:6   | Killed an eight-headed hydra
 14232 | Lair:5   | Reached XP level 13. HP: 103/103 MP: 13/13
 14281 | Lair:4   | Found a staircase to the Snake Pit.
 14563 | Lair:4   | Reached skill level 10 in Fighting
 14889 | Lair:4   | Noticed Sonja
 14896 | Lair:4   | Killed Sonja
 15180 | Lair:4   | Reached skill level 9 in Armour
 16413 | Lair:6   | Found a runed translucent door.
 16429 | Lair:6   | Reached XP level 14. HP: 105/111 MP: 14/14
 16436 | Lair:6   | Found a viscous altar of Jiyva.
 16438 | Lair:6   | Found a staircase to the Slime Pits.
 16712 | Lair:6   | Reached skill level 10 in Evocations
 16843 | Lair:6   | Reached skill level 10 in Axes
 17185 | Lair:6   | Reached skill level 10 in Dodging
 17238 | Lair:6   | HP: 4/113 [swamp dragon (9)]
 17740 | Orc:1    | Entered Level 1 of the Orcish Mines
 17740 | Orc:1    | Found Eduseymi's Distillery.
 18057 | Orc:2    | Entered Level 2 of the Orcish Mines
 18057 | Orc:2    | Found a staircase to the Elven Halls.
 18078 | Orc:2    | Found a burning altar of Makhleb.
 18640 | Orc:2    | Paralysed by an orc sorcerer for 5 turns
 18738 | Orc:2    | Reached skill level 10 in Armour
 18843 | Orc:2    | HP: 4/113 [orc warrior[an orc knight] (8)]
 18987 | Orc:2    | Found Nixet's Assorted Antiques.
 18987 | Orc:2    | Found Huuroim's Assorted Antiques.
 18988 | Orc:2    | Found Uxu Rut's General Store.
 18993 | Orc:2    | Found Aprainipa's Antique Weapon Shoppe.
 18999 | Orc:2    | Bought a scroll of identify for 62 gold pieces
 18999 | Orc:2    | Bought a scroll labelled SIHUSK ETHRUOFF for 31 gold pieces
 19001 | Orc:2    | Bought a scroll of identify for 70 gold pieces
 19025 | Orc:2    | Bought a +4 ring of evasion for 432 gold pieces
 19027 | Orc:2    | Bought a blackened hunting sling for 240 gold pieces
 19027 | Orc:2    | Identified the +7 hunting sling of Rinueq {speed, Will-
                  | Str+7 SInv Stlth+} (You bought it in a shop on level 2 of
                  | the Orcish Mines)
 19030 | Orc:2    | Bought a potion of heal wounds for 60 gold pieces
 19082 | Orc:2    | Noticed Snorg
 19091 | Orc:2    | Killed Snorg
 19369 | Orc:1    | Reached skill level 10 in Throwing
 19613 | Orc:2    | Bought a scroll of identify for 68 gold pieces
 19613 | Orc:2    | Bought a scroll labelled ZIBLILUFIMM for 34 gold pieces
 19618 | Orc:2    | Bought a scroll labelled XOMURA LOOTEA for 31 gold pieces
 19618 | Orc:2    | Bought an ichor-stained helmet for 294 gold pieces
 19618 | Orc:2    | Identified the +1 helmet of Fapymofu {rCorr} (You bought it
                  | in a shop on level 2 of the Orcish Mines)
 19618 | Orc:2    | Bought a scroll labelled SIHUSK ETHRUOFF for 31 gold pieces
 19618 | Orc:2    | Bought a polished kite shield for 294 gold pieces
 19618 | Orc:2    | Identified the +1 kite shield "Tukhar" {rElec Int+6} (You
                  | bought it in a shop on level 2 of the Orcish Mines)
 19701 | Orc:2    | Bought an ichor-stained whip for 277 gold pieces
 19701 | Orc:2    | Identified the +7 whip of Uskayaw {holy, Drain +Rage Fly
                  | rCorr} (You bought it in a shop on level 2 of the Orcish
                  | Mines)
 19849 | D:11     | Identified the +1 leather armour of the Centipede {rPois
                  | Int+2}
 20529 | D:11     | Reached skill level 1 in Shields
 21251 | D:12     | Found Onoy's Antique Weapon Boutique.
 21559 | D:12     | Gained mutation: You are mostly covered in large bone
                  | plates. (SH +6) [demonic ancestry]
 21559 | D:12     | Reached XP level 15. HP: 91/119 MP: 15/15
 21629 | D:12     | Found an opulent altar of Gozag.
 21855 | D:12     | HP: 2/119 [skeletal warrior (12)]
 22250 | D:13     | Found a gate to the Vaults.
 22609 | D:13     | Noticed Urug
 22629 | D:13     | Killed Urug
 22985 | D:14     | Identified the +4 chain mail of Bailes {Regen+ Str+4}
 23248 | D:14     | Found Qyusm's Weapon Shop.
 23369 | D:14     | Noticed Roxanne
 23417 | D:14     | Killed Roxanne
 23867 | D:15     | Entered Level 15 of the Dungeon
 24399 | D:15     | Found a staircase to the Depths.
 24635 | D:15     | Upgraded the game from 0.28-a0-10-g964c8b829e to
                  | 0.28-a0-21-gf74fda84f9
 24756 | Elf:1    | Entered Level 1 of the Elven Halls
 24823 | Elf:1    | Noticed Jorgrun
 24844 | Elf:1    | Killed Jorgrun
 24844 | Elf:1    | Noticed a deep elf sorcerer
 24882 | Elf:1    | Killed a deep elf sorcerer
 24892 | Elf:1    | Reached skill level 11 in Armour
 24895 | Elf:1    | Gained mutation: Your magical and physical power is
                  | slightly enhanced at high health. [demonic ancestry]
 24895 | Elf:1    | Reached XP level 16. HP: 84/127 MP: 16/16
 24963 | Elf:1    | Found a portal to a secret trove of treasure.
 25522 | Elf:1    | Found Oseg's Armour Shop.
 25594 | Orc:2    | Bought shimmering quicksilver dragon scales for 2015 gold
                  | pieces
 25594 | Orc:2    | Identified the quicksilver dragon scales "Jasif" {Will+
                  | Str+4 Int+4 Dex-5 Stlth+} (You bought it in a shop on level
                  | 2 of the Orcish Mines)
 25832 | Elf:1    | Found Caxtuaby's Magic Scroll Shop.
 25835 | Elf:1    | Bought a scroll of enchant weapon for 120 gold pieces
 25835 | Elf:1    | Bought a scroll of identify for 32 gold pieces
 25835 | Elf:1    | Bought a scroll of identify for 32 gold pieces
 25835 | Elf:1    | Bought a scroll of identify for 32 gold pieces
 26229 | Elf:2    | Reached skill level 5 in Shields
 26249 | Elf:2    | Got the Grimoire of Stolen Souls
 26320 | Elf:2    | Paralysed by an air elemental for 1 turns
 26323 | Elf:2    | Paralysed by an air elemental for 1 turns
 26543 | Elf:2    | Found Gick's Magic Scroll Emporium.
 26573 | Elf:2    | Bought a scroll of enchant weapon for 120 gold pieces
 26588 | Elf:2    | Got the Collected Works on Orientation
 26666 | Elf:2    | Found a runed translucent gate.
 26679 | Elf:2    | Found a runed translucent gate.
 26679 | Elf:2    | Found a runed translucent gate.
 27539 | Elf:3    | Entered Level 3 of the Elven Halls
 27725 | Elf:3    | Reached XP level 17. HP: 136/136 MP: 17/17
 28003 | Elf:2    | Found an ancient bone altar of Kikubaaqudgha.
 28348 | Elf:3    | Noticed an Ice Fiend
 28463 | Elf:3    | Noticed a deep elf blademaster
 28477 | Elf:3    | Killed a deep elf blademaster
 28611 | Elf:3    | Noticed a deep elf master archer
 28618 | Elf:3    | Identified the +3 buckler of Indomitability {Str+5 SInv}
 28640 | Elf:3    | Reached skill level 12 in Armour
 28646 | Elf:3    | Killed a deep elf master archer
 28824 | Elf:3    | Identified the +4 fustibalus "Panwich" {freeze, rCorr Str-5
                  | Int+6}
 28875 | Elf:3    | Identified the ring of Yterr {rN+ Will+ Str+6}
 28878 | Elf:3    | Found the macabre finger necklace {rN+}
 28879 | Elf:3    | Noticed a deep elf blademaster
 28879 | Elf:3    | Noticed a deep elf master archer
 28880 | Elf:3    | Found the +0 staff of Battle
 28899 | Elf:3    | Killed a deep elf blademaster
 28904 | Elf:3    | Killed a deep elf master archer
 29009 | Elf:3    | Identified the +4 dagger "Foonem" {flame, Fragile rElec
                  | Int+2 Dex+2}
 29023 | Elf:3    | Got the Papyrus of Vitriolic Flight
 29030 | Elf:3    | Got Vupuf's Guide on the Compass
 29314 | Elf:3    | Upgraded the game from 0.28-a0-21-gf74fda84f9 to
                  | 0.28-a0-43-g560ac104fe
 29474 | Shoals:1 | Entered Level 1 of the Shoals
 30917 | Shoals:2 | Noticed Polyphemus
 30992 | Shoals:2 | Killed Polyphemus
 31085 | Shoals:2 | Gained mutation: You are completely covered in large bone
                  | plates. (SH +8) [demonic ancestry]
 31085 | Shoals:2 | Reached XP level 18. HP: 119/145 MP: 18/18
 31272 | Shoals:2 | Reached skill level 13 in Armour
 31875 | Shoals:2 | Found a runed translucent door.
 31931 | Shoals:2 | Noticed Goiruwuw's ghost (adept MiGl)
 31985 | Shoals:2 | Killed Goiruwuw's ghost
 31996 | Shoals:2 | Identified the +6 scale mail of the Bells {Drain Will+
                  | Str+4}
 33937 | Shoals:4 | Entered Level 4 of the Shoals
 33939 | Shoals:4 | Found a frozen archway.
 33972 | IceCv    | Entered an ice cave
 35142 | IceCv    | Reached skill level 14 in Armour
 35452 | IceCv    | Identified the ring of Divine Compulsion {rPois rC+ Will-
                  | Dex+2 SInv}
 35456 | IceCv    | Identified the amulet "Estynk" {-Tele Regen+ Str+3 Dex+3
                  | Stlth+}
 37196 | Shoals:4 | Reached XP level 19. HP: 17/153 MP: 19/19
 37839 | Shoals:4 | Got a barnacled rune of Zot
 37876 | Shoals:4 | Upgraded the game from 0.28-a0-43-g560ac104fe to
                  | 0.28-a0-48-gfd831c5874
 38016 | Snake:1  | Entered Level 1 of the Snake Pit
 38377 | Snake:1  | Found Ira Nuosk's Antique Armour Shoppe.
 38401 | Snake:1  | Found Animaowu's Assorted Antiques.
 38460 | Snake:1  | Bought a pitted plate armour for 756 gold pieces
 38460 | Snake:1  | Identified the +2 plate armour "Waqahu" {rF+ Int+3} (You
                  | bought it in a shop on level 1 of the Snake Pit)
 38460 | Snake:1  | Bought a polished scale mail for 243 gold pieces
 38460 | Snake:1  | Identified the +6 scale mail of Doenguud {Rampage rElec
                  | Will+ Str-2} (You bought it in a shop on level 1 of the
                  | Snake Pit)
 38460 | Snake:1  | Bought a bloodstained chain mail for 256 gold pieces
 38460 | Snake:1  | Identified the +1 chain mail "Agaduc" {Harm +Inv rPois
                  | MP-9} (You bought it in a shop on level 1 of the Snake Pit)
 38460 | Snake:1  | Bought an ichor-stained chain mail for 256 gold pieces
 38460 | Snake:1  | Identified the +6 chain mail of the Valley {rN++ Dex+3}
                  | (You bought it in a shop on level 1 of the Snake Pit)
 38553 | Snake:1  | Noticed Aizul
 38562 | Snake:1  | Killed Aizul
 39116 | Snake:1  | Reached skill level 10 in Shields
 39618 | Snake:2  | Noticed Nikola
 39634 | Snake:2  | Killed Nikola
 40132 | Snake:2  | Noticed Waleff's ghost (adept DrBe)
 40134 | Snake:2  | Found a runed translucent door.
 40161 | Snake:2  | Killed Waleff's ghost
 41850 | Snake:3  | Noticed Vashnia
 41872 | Snake:3  | Killed Vashnia
 41873 | Snake:3  | Reached skill level 15 in Fighting
 42372 | Snake:3  | Reached skill level 15 in Armour
 44184 | Snake:4  | Entered Level 4 of the Snake Pit
 44565 | Snake:4  | Found a runed translucent door.
 44565 | Snake:4  | Noticed Huz Sygai's ghost (adept MfGl)
 44669 | Snake:4  | Killed Huz Sygai's ghost
 44967 | Snake:4  | Gained mutation: Your magical and physical power is
                  | enhanced at high health. [demonic ancestry]
 44967 | Snake:4  | Reached XP level 20. HP: 144/162 MP: 13/20
 45144 | Snake:4  | Got a serpentine rune of Zot
 46470 | Vaults:1 | Entered Level 1 of the Vaults
 46655 | Slime:1  | Entered Level 1 of the Pits of Slime
 46895 | Slime:1  | Reached skill level 15 in Axes
 48350 | Slime:3  | Gained mutation: Your body sometimes deteriorates upon
                  | taking damage. [a shining eye]
 48371 | Slime:3  | Gained mutation: You are dopey. (Int -2) [a shining eye]
 48621 | Slime:3  | Gained mutation: You have large cloven feet. [a shining
                  | eye]
 48622 | Slime:3  | Gained mutation: Your body often deteriorates upon taking
                  | damage. [a shining eye]
 49230 | Slime:4  | Noticed Dissolution
 49239 | Slime:4  | Gained mutation: Your muscles are strong. (Str +2) [a
                  | shining eye]
 49353 | Slime:3  | Gained mutation: You occasionally shout uncontrollably at
                  | your foes. [a shining eye]
 49354 | Slime:3  | Gained mutation: You are clumsy. (Dex -2) [a shining eye]
 49356 | Slime:3  | Gained mutation: You tend to lose your temper in combat. [a
                  | shining eye]
 49357 | Slime:3  | Gained mutation: You often lose your temper in combat. [a
                  | shining eye]
 49364 | Slime:3  | Killed Dissolution
 49365 | Slime:3  | Reached skill level 16 in Armour
 49874 | Snake:4  | Lost mutation: You occasionally shout uncontrollably at
                  | your foes. [potion of mutation]
 49874 | Snake:4  | Gained mutation: You have an increased reservoir of magic.
                  | (+10% MP) [potion of mutation]
 49874 | Snake:4  | Gained mutation: You have a considerably increased
                  | reservoir of magic. (+20% MP) [potion of mutation]
 50128 | Shoals:3 | Lost mutation: You are clumsy. (Dex -2) [potion of
                  | mutation]
 50128 | Shoals:3 | Gained mutation: Your system is resistant to poisons.
                  | (rPois) [potion of mutation]
 50560 | Slime:5  | Entered Level 5 of the Pits of Slime
 51183 | Slime:5  | Noticed the Royal Jelly
 51210 | Slime:5  | Lost mutation: Your muscles are strong. (Str +2) [a shining
                  | eye]
 51685 | Slime:4  | Reached XP level 21. HP: 147/170 MP: 25/25
 52266 | Slime:5  | HP: 5/170 [acid (7)]
 52274 | Slime:5  | HP: 6/170 [acid (3)]
 52274 | Slime:5  | HP: 2/170 [acid blob/splash of acid (4)]
 52274 | Slime:5  | Splashed by an acid blob's acid

Illustrated notes

Levels and vault maps discovered:
D:1:      dpeg_arrival_water_temple_mockup, layout_basic
D:2:      layout_basic, kennysheep_generic_room_3
D:3:      layout_loops_cross, vehumet_altar_wand_db,
          mainiacjoe_overflow_concentric_impassable, uniq_terence, uniq_grinder,
          uniq_robin
D:4:      layout_basic, nicolae_wooded_promenade, sigmund_edmund_badplayer
D:5:      layout_rooms, minmay_temple_entry_antechambers, ebering_ghost_sewer_f,
          kennysheep_generic_room_4
D:6:      layout_rooms, mainiacjoe_overflow_chevrons, serial_shops,
          nicolae_stop_n_shop_2
D:7:      layout_layer_cave, mainiacjoe_overflow_cross_hatched,
          kennysheep_generic_room_11
D:8:      layout_basic, nicolae_elyvilon_temple_path,
          mainiacjoe_overflow_brackets
D:9:      layout_gridville, nicolae_ru_path_of_blood, orc_0_dummy,
          biasface_ghost_orc_armoury
D:10:     layout_rooms, lemuel_tele_altar, lair_entry_dummy
D:11:     minmay_wavy_crystal, layout_layer_cave
D:12:     layout_roguey, serial_shops, kennysheep_mini_moat,
          nicolae_gozag_cash_rules_everything_around_me
D:13:     layout_basic, erik_vaults_2, minivault_11, uniq_urug
D:14:     layout_basic, serial_shops, nicolae_shop_statue_plus,
          kennysheep_boxes, uniq_roxanne
D:15:     gammafunk_depths_entry_grave, layout_rooms, roderic_roman_lattice,
          minmay_unpleasant_kobolds
Temple:   minmay_temple_curvy_branch
Lair:1:   layout_roguey
Lair:2:   layout_long_grid, minmay_shoals_entry_centaurs, grunt_megastairs_2,
          infiniplex_staircase_pool_2, uniq_harold
Lair:3:   layout_cave_shapes, serial_bayou, serial_bayou_pond_d,
          serial_bayou_lake_a, serial_bayou_pond_c, serial_bayou_lagoon_a,
          special_room [special_room_bee]
Lair:4:   layout_cave_pods, guppyfry_snake_entry_island, roderic_carrion_pond,
          uniq_sonja
Lair:5:   layout_regular_city, st_stairs_13
Lair:6:   hangedman_lair_caniforms_friends, layout_hall_layers,
          guppyfry_lair_end_dragon, slime_altar_2
Shoals:1: layout_shoals, nicolae_shoals_enchanted_isle
Shoals:2: layout_shoals, ebering_ghost_reflecting_pool,
          nicolae_shoals_water_elemental_grotto, uniq_polyphemus
Shoals:3: layout_shoals
Shoals:4: shoals_end_simple, layout_shoals, portal_ice_cave_entry_ugly_swarm,
          nicolae_shoals_circle_sea_wall, nicolae_shoals_loop_pool
Snake:1:  layout_misc_corridors, serial_bayou_shore_b, serial_bayou_shore_b,
          grunt_megastairs_3, minmay_shop_star, uniq_aizul
Snake:2:  nrook_guardian_serpent_snake_passage, layout_chambers,
          gammafunk_ghost_grave, lemuel_oklob_altar, uniq_nikola
Snake:3:  layout_layer_cave, lemuel_fruit_tree, uniq_vashnia
Snake:4:  johnstein_snake_rune_scales, layout_cave_town, gammafunk_ghost_grave
Slime:1:  layout_caves, nicolae_slime_barrier
Slime:2:  layout_caves
Slime:3:  layout_caves
Slime:4:  layout_caves, uniq_dissolution
Slime:5
Orc:1:    layout_caves, serial_shops, shop_fountains, nicolae_orc_tapped_out
Orc:2:    st_orc_mages, layout_diamond_mine, basic_altar, uniq_snorg
Elf:1:    layout_loops_cross, nicolae_trove_entry_isolated, serial_shops,
          nicolae_shop_window_shopping, shop, hangedman_elf_represent,
          uniq_jorgrun
Elf:2:    nicolae_elf_blades_crystal_corner, layout_loops_cross, serial_shops,
          shop_statue, minmay_elf_necromancy, lemuel_upstairs_altar
Elf:3:    elf_hall_gauntlet_wide, layout_geoelf_octagon
Vaults:1: ontoclasm_vaults_claustrophobia, nicolae_vaults_what_the_h,
          gammafunk_sealed_arena, v_pattern_4, hangedman_vaults_snaps,
          hangedman_vaults_unwind, v_rooms_1, vaults_mumra_hexcomb,
          nicolae_vaults_shelves_hall, vaults_room_pool, layout_vaults_ring

Skill      XL: |  1  2  3  4  5  6  7  8  9 10 11 12 13 14 15 16 17 18 19 20 |
---------------+-------------------------------------------------------------+-----
Axes           | 2 3 4 5 6 7 8 9 10 11 12 13 14 15 | 15.8
Armour         | 1 2 3 4 5 6 7 8 9 10 11 12 14 15 16 | 16.3
Dodging        | 2 3 4 5 6 7 8 9 10 11 12 13 14 | 14.6
Throwing       | 1 2 4 5 6 7 8 9 10 11 12 | 12.0
Fighting       | 4 6 7 8 9 10 11 12 13 14 15 | 15.9
Evocations     | 1 2 4 5 6 7 8 9 10 11 12 | 12.0
Shields        | 1 4 6 7 9 11 12 | 12.7
Stealth        | |  4.5

Action                   |  1- 3 |  4- 6 |  7- 9 | 10-12 | 13-15 | 16-18 | 19-21 || total
-------------------------+-------+-------+-------+-------+-------+-------+-------++-------
Melee: Hand axe          |    27 |       |       |       |       |       |       ||    27
       Morningstar       |     3 |   166 |    28 |       |       |       |       ||   197
       Dire flail        |       |       |   193 |    17 |    27 |       |       ||   237
       Battleaxe         |       |       |     7 |   336 |   410 |       |       ||   753
       Broad axe         |       |       |       |       |   389 |   834 |   855 ||  2078
 Fire: Hunting sling     |       |       |       |    87 |   275 |   568 |   148 ||  1078
       Fustibalus        |       |       |       |       |   109 |       |       ||   109
Throw: Dart              |       |    23 |    10 |       |     2 |     8 |     2 ||    45
       Javelin           |       |       |       |    12 |    11 |    14 |     8 ||    45
Invok: Call Merchant     |       |       |       |       |     3 |     1 |     1 ||     5
       Potion Petition   |       |       |       |       |     1 |       |       ||     1
Evoke: Wand              |       |       |     4 |     8 |    12 |    12 |     8 ||    44
       Tin of tremorston |       |       |       |       |       |     4 |     3 ||     7
       Condenser vane    |       |       |       |       |       |     1 |     3 ||     4
       Box of beasts     |       |       |       |       |       |       |     1 ||     1
  Use: Potion            |     1 |     1 |       |       |     8 |     6 |    13 ||    29
       Scroll            |     2 |       |       |    11 |    13 |     9 |    10 ||    45
 Stab: Sleeping          |       |    11 |     6 |     2 |       |     4 |     2 ||    25
       Distracted        |       |       |       |     1 |     7 |     4 |     9 ||    21
       Paralysed         |       |       |       |       |     1 |     4 |       ||     5
       Petrified         |       |       |       |       |       |     5 |       ||     5
Armor: Leather armour    |    12 |    32 |       |    56 |       |       |       ||   100
       Ring mail         |       |    13 |    74 |     3 |       |       |       ||    90
       Chain mail        |       |       |       |   151 |   622 |    14 |   237 ||  1024
       Quicksilver drago |       |       |       |       |       |   159 |       ||   159
       Scale mail        |       |       |       |       |       |   117 |    19 ||   136
Dodge: Dodged            |    26 |    89 |   152 |   216 |   459 |   400 |   317 ||  1659
Block: Other             |       |       |    15 |    66 |   108 |       |       ||   189
       Kite shield       |       |       |       |       |   426 |  1028 |   836 ||  2290
       Reflection        |       |       |       |       |       |    64 |       ||    64

Table legend: (Time is in decaauts)
 A = Elapsed time spent in this place.
 B = Non-inter-level travel time spent in this place.
 C = Inter-level travel time spent in this place.
 D = Time resting spent in this place.
 E = Time spent auto-exploring this place.
 F = Levels seen in this place.
 G = Mean time per level.
                   A        B        C        D        E       F      G
               +--------+--------+--------+--------+--------+-----+--------+
         Total |  53064 |  48845 |   4219 |   3149 |  35233 |  42 | 1263.4 |
       Dungeon |  16553 |  15076 |   1477 |    475 |  11206 |  15 | 1103.5 |
        Temple |    199 |    188 |     11 |      0 |    183 |   1 |  199.0 |
          Lair |   7478 |   6389 |   1089 |    207 |   4598 |   6 | 1246.3 |
        Shoals |   7186 |   6839 |    347 |    749 |   4815 |   4 | 1796.5 |
     Snake Pit |   8196 |   7582 |    614 |    616 |   5798 |   4 | 2049.0 |
    Slime Pits |   5007 |   4841 |    166 |    666 |   3529 |   5 | 1001.4 |
  Orcish Mines |   2140 |   1889 |    251 |      2 |   1308 |   2 | 1070.0 |
   Elven Halls |   4547 |   4287 |    260 |    289 |   2576 |   3 | 1515.7 |
        Vaults |      1 |      0 |      1 |      0 |      0 |   1 |    1.0 |
      Ice Cave |   1751 |   1751 |      0 |    144 |   1218 |   1 | 1751.0 |
               +--------+--------+--------+--------+--------+-----+--------+

Top non-repeatable levels by time:
     D:4: 3260 daAuts
 Snake:2: 2289 daAuts
 Snake:3: 2135 daAuts
 Snake:4: 2035 daAuts
Shoals:4: 1951 daAuts
Shoals:1: 1935 daAuts
  Lair:6: 1802 daAuts
   IceCv: 1751 daAuts
   Elf:3: 1749 daAuts
 Snake:1: 1736 daAuts
Shoals:3: 1701 daAuts
Shoals:2: 1597 daAuts
   Elf:2: 1558 daAuts
   Orc:2: 1529 daAuts
  Lair:4: 1424 daAuts
